 Dungeon Crawl Stone Soup version 0.16.0-12-g7215832 (console) character file.

418628 Fusha the Wrestler (level 22, -8/234 HPs)
             Began as a Troll Arcane Marksman on Mar 17, 2015.
             Was the Champion of Qazlal.
             Mangled by a frost giant
             ... wielding a +1 battleaxe of freezing
              (9 damage)
             ... on level 2 of the Depths on Mar 18, 2015.
             The game lasted 04:35:07 (50383 turns).

Fusha the Wrestler (Troll Arcane Marksman)         Turns: 50383, Time: 04:35:07

Health: -8/234     AC: 25    Str: 39      XL:     22   Next: 29%
Magic:  27/27      EV: 16    Int: 11 (13) God:    Qazlal [******]
Gold:   5141       SH:  8    Dex: 11      Spells: 4 memorised, 17 levels left

rFire  + + +     SeeInvis .       - Unarmed
rCold  . . .     Clarity  +     v - +6 fire dragon armour of the Apprentice {rF++ rC- Str+2}
rNeg   . . .     SustAb   .     (shield restricted)
rPois  +         Gourm    +     n - +2 hat
rElec  +         Spirit   .     V - +1 cloak of Magic {+Fly rElec rCorr Str+3}
rCorr  +         Warding  .     (gloves unavailable)
rMut   .         Stasis   .     (boots unavailable)
MR     +....                    l - amulet of clarity
Stlth  +.........               S - ring "Phieky" {rPois rF+ rC+}
                                i - ring "Tuqig" {+Inv rF+ Str+4 Int+4 Slay+2 Stlth+}

@: protected from physical damage, repel missiles, somewhat resistant to hostile
enchantments, very unstealthy
A: unfitting armour, claws 3, hooves 1, fast metabolism 3, gourmand,
regeneration 2, shaggy fur 1, tough skin 2
a: Upheaval, Elemental Force, Disaster Area, Renounce Religion, Evoke
Invisibility, Evoke Flight
}: 3/15 runes: decaying, serpentine, slimy


You were on level 2 of the Depths.
You worshipped Qazlal.
Qazlal was exalted by your worship.
You were very full.

You visited 8 branches of the dungeon, and saw 50 of its levels.
You also visited: Labyrinth, Bailey and Ice Cave.

You collected 6225 gold pieces.
You spent 1084 gold pieces at shops.

Inventory:

Missiles
 b - 46 large rocks (quivered)
 c - 5 throwing nets
Armour
 n - a +2 hat (worn)
 v - the +6 fire dragon armour of the Apprentice (worn) {rF++ rC- Str+2}
   (You found it in a labyrinth)

   It affects your strength (+2).
   It greatly protects you from fire.
   It makes you vulnerable to cold.
 V - the +1 cloak of Magic (worn) {+Fly rElec rCorr Str+3}
   (You acquired it on level 9 of the Dungeon)

   It affects your strength (+3).
   It insulates you from electricity.
   It lets you fly.
   It protects you from acid and corrosion.
Jewellery
 i - the ring "Tuqig" (left claw) {+Inv rF+ Str+4 Int+4 Slay+2 Stlth+}
   (You bought it in a shop on level 2 of the Vaults)

   [ring of protection from fire]

   It affects your strength (+4).
   It affects your intelligence (+4).
   It affects your accuracy and damage with ranged weapons and melee attacks
   (+2).
   It protects you from fire.
   It lets you turn invisible.
   It makes you more stealthy.
 l - an amulet of clarity (around neck)
 o - an uncursed ring of positive energy
 q - an uncursed amulet of resist mutation
 A - an uncursed ring of protection from magic
 K - an uncursed ring of protection from cold
 S - the ring "Phieky" (right claw) {rPois rF+ rC+}
   (You found it on level 13 of the Dungeon)

   [ring of protection from cold]

   It protects you from fire.
   It protects you from cold.
   It protects you from poison.
Magical devices
 p - a wand of fire (3)
 s - a wand of lightning (5)
 t - a wand of fire (15)
 w - a wand of fire (10)
 x - a wand of cold (10)
 y - a wand of fire (8)
 N - a wand of digging (0)
 P - a wand of cold (12)
 Q - a wand of draining (6)
 R - a wand of lightning (9)
Scrolls
 a - 7 scrolls of fear
 d - 3 scrolls of recharging
 f - 7 scrolls of identify
 j - 4 scrolls of fog
 m - 13 scrolls of teleportation
 r - 12 scrolls of blinking
 u - a scroll of enchant armour
 F - 5 scrolls of silence
 H - 5 scrolls of magic mapping
 J - a scroll of holy word
 O - a scroll of summoning
 Z - 18 scrolls of remove curse
Potions
 e - 6 potions of might
 h - 2 potions of invisibility
 k - 5 potions of restore abilities
 z - 6 potions of brilliance
 B - 9 potions of curing
 G - 4 potions of lignification
 I - a potion of resistance
 L - a potion of berserk rage {unknown}
 W - 2 potions of agility
 X - 6 potions of haste
 Y - 8 potions of cancellation
Miscellaneous
 g - a stone of tremors
 D - a disc of storms
 T - a legendary deck of wonders {Placid Magic}
 U - an ornate deck of wonders {Placid Magic}
Comestibles
 C - 14 bread rations


   Skills:
 + Level 16.7 Fighting
 + Level 3.3 Throwing
 - Level 3.0 Armour
 + Level 18.2 Dodging
 - Level 1.8 Stealth
 + Level 22.9 Unarmed Combat
 - Level 2.0 Spellcasting
 + Level 5.7 Hexes
 + Level 8.3 Invocations
 + Level 1.7 Evocations


You had 17 spell levels left.
You knew the following spells:

 Your Spells              Type           Power        Failure   Level  Hunger
a - Corona                Hex            ##.....      8%          1    ##.....
b - Slow                  Hex            ##......     10%         2    ###....
c - Confuse               Hex            ##......     17%         3    ####...
d - Ensorcelled Hibernat  Hex/Ice        #.....       30%         2    ###....


Dungeon Overview and Level Annotations

Branches:
Dungeon (15/15)            Temple (0/1) D:7            Lair (8/8) D:9
  Swamp (5/5) Lair:3        Snake (5/5) Lair:6        Slime (6/6) Lair:6
    Orc (4/4) D:10            Elf (0/3) Orc:4        Vaults (4/5) D:13
  Crypt (0/3) Vaults:3     Depths (3/5) D:15

Altars:
Cheibriados
Dithmenos
Fedhas
Kikubaaqudgha
Makhleb
Nemelex Xobeh
Okawaru
Qazlal
Sif Muna
Trog
Vehumet
Jiyva

Shops:
Orc:3 *   Orc:4 %}%%   Snake:1 [   Vaults:2 =   Vaults:3 *

Portals:
Hell: Depths:1 Depths:2
Abyss: Depths:1 Depths:2
Pandemonium: Depths:3

Annotations:
D:13 exclusion: orange crystal statue


Innate Abilities, Weirdness & Mutations

You are too large for most types of armour.
You have claws for hands.
Your metabolism is lightning-fast.
You like to eat raw meat.
You heal very quickly.
You are covered in fur (AC +1).
You have very tough skin (AC +2).
You have large cloven feet.


Message History

* * * LOW HITPOINT WARNING * * *
You feel more protected from physical attacks.
The frost giant freezes you!
* * * LOW HITPOINT WARNING * * *
Your resistance to physical damage fades away.
You feel protected from cold.
You claw the frost giant!!
The frost giant begins to bleed from its wounds!
You kick the frost giant, but do no damage.
You claw the frost giant!!
The frost giant is heavily wounded.
Your fire dragon armour of the Apprentice prevents you from hitting the frost giant.
You kick the frost giant.
The frost giant is heavily wounded.
The frost giant hits you with a battleaxe of freezing!!
* * * LOW HITPOINT WARNING * * *
Your resistance to cold fades away.
You feel protected from physical attacks.
The frost giant freezes you!
You die...

'#.'.'.#####..#...........#..##..
.#.###.###....#...........##....≈
####.###......#.................≈
...)...............[.>......≈..≈#
##############....§>......≈§≈≈.##
# ##.§...........≈§## #
#####§.............## ##
##..#..§§......?.≈..# .#
#.....§@..[.....≈§..# .##
#...#§)C........≈...#### ..#
##..##[)§......(....'... #.#
##.#<)..((......≈..'... #.#
######)[)[>(.......≈≈.≈####
#.#####.......)...).(.......≈#
#....#...#....[).).(.(.(..#..#
#..8...8...8...|..((..(...####
#....#...#...#.....<...)...# ###


You could see a frost giant (bleeding).

Vanquished Creatures
  the royal jelly (Slime:6)
  Norris (Snake:4)
  A caustic shrike (Depths:3)
  A tentacled monstrosity (Depths:3)
  3 liches
  21 acid blobs
  Asterion (Snake:2)
  3 tengu reavers
  2 storm dragons
  2 thorn hunters
  Frances (D:15)
  7 greater nagas
  2 frost giants
  15 azure jellies
  6 vault wardens
  3 fire giants
  Wiglaf (Vaults:1)
  A revenant (Vaults:3)
  Aizul (Vaults:2)
  Louise (Snake:1)
  2 emperor scorpions (Depths:3)
  Gastronok (D:12)
  11 ironheart preservers
  A reaper (Depths:3)
  A spriggan defender (Depths:3)
  2 very ugly things
  9 stone giants
  The ghost of emiel the Severer, a powerful MiWz of Cheibriados (Lair:7)
  3 dire elephants
  5 ettins
  The ghost of Voda the Blocker, a powerful FoMo of Cheibriados (Snake:1)
  3 vault guards
  2 minotaurs
  14 death oozes
  A merfolk impaler (Depths:1)
  Josephine (D:12)
  7 fire dragons
  9 yaktaur captains
  8 great orbs of eyes
  9 hydras
  Harold (Lair:4)
  9 ice dragons
  A spriggan air mage (Depths:3)
  12 naga warriors
  7 anacondas
  4 ghost crabs
  10 centaur warriors
  Erica (Lair:1)
  2 catoblepae
  6 deep troll shamans
  A deep troll earth mage (Depths:1)
  8 alligators
  12 ogre magi
  2 tengu warriors (Depths:2)
  32 death yaks
  A death knight (Vaults:3)
  4 orc high priests
  19 naga sharpshooters
  Urug (D:12)
  3 spriggan berserkers
  3 deep elf knights (Vaults:2)
  6 shock serpents
  A storm dragon zombie (Vaults:4)
  A hell knight (Depths:2)
  3 salamander mystics
  A quicksilver dragon simulacrum (Depths:3)
  A shadow wraith (Vaults:1)
  2 iron trolls (Depths:1)
  18 deep trolls
  A fire crab (Lair:7)
  5 swamp dragons
  9 hill giants
  2 giant orange brains
  10 ironbrand convokers
  An ice devil (IceCv)
  3 flayed ghosts
  8 unseen horrors
  A spriggan druid (Swamp:5)
  2 ice statues (IceCv)
  10 naga ritualists
  7 mana vipers
  Pikel (D:4)
  A tengu zombie (Depths:3)
  2 shambling mangroves
  A lindwurm (Lair:8)
  3 large abominations (Depths:2)
  A wolf spider (Vaults:4)
  3 necromancers
  13 orc knights
  A hornet (Vaults:4)
  54 ugly things
  3 deep elf conjurers
  10 shining eyes
  A cyclops (shapeshifter) (Vaults:3)
  13 salamanders
  2 phantasmal warriors
  2 draconians (shapeshifter) (Vaults:2)
  A sixfirhy (Orc:4)
  2 manticores
  8 orc sorcerers
  4 cyclopes
  5 griffons
  Maurice (Orc:4)
  3 rust devils
  A guardian serpent (shapeshifter) (Vaults:2)
  Joseph (Lair:1)
  A storm dragon simulacrum (Depths:3)
  3 guardian serpents
  13 vault sentinels
  13 elephants (Lair:8)
  33 black mambas
  3 centaur skeletons
  15 spiny frogs
  5 eyes of devastation
  2 efreet
  44 yaktaurs
  A fire drake (Lair:5)
  A yaktaur (shapeshifter) (Vaults:1)
  2 kobold demonologists
  27 naga magi
  A deep elf priest (Depths:3)
  7 komodo dragons
  A red devil (Depths:3)
  A jumping spider (shapeshifter) (D:13)
  A queen bee (shapeshifter) (Vaults:4)
  2 polar bears
  Sonja (D:15)
  8 blue devils
  25 two-headed ogres
  A wind drake (shapeshifter) (D:15)
  A spectral hornet (Swamp:3)
  4 giant leeches
  A jumping spider (Vaults:1)
  6 baby alligators
  11 freezing wraiths
  7 bog bodies
  13 ravens
  15 blink frogs
  A minotaur skeleton (Lab)
  131 slime creatures
  5 trolls
  A fire vortex (Lair:1)
  3 boulder beetles
  7 basilisks
  3 human simulacra
  4 wandering mushrooms (Lab)
  A water elemental (Depths:1)
  6 redbacks
  An ettin skeleton (Vaults:1)
  A spriggan (shapeshifter) (Vaults:1)
  3 spriggans (Swamp:3)
  12 wraiths
  55 yaks
  2 wyverns
  6 deep elf magi
  6 chaos spawn
  3 shadows
  11 golden eyes
  5 deep elf fighters
  2 fire elementals (Lair:1)
  Eustachio (D:4)
  5 fire bats (Lair:1)
  6 hungry ghosts
  A steam dragon (Lair:6)
  An elf skeleton (Depths:3)
  32 swamp worms
  A mottled dragon (shapeshifter) (Vaults:1)
  31 vampire mosquitoes
  7 swamp worm simulacra (Swamp:5)
  7 wargs
  13 hippogriffs
  16 wolves
  Edmund (D:7)
  3 mottled dragons
  Menkaure (D:6)
  58 nagas
  10 porcupines
  A deep troll zombie (Vaults:4)
  14 insubstantial wisps
  14 hydra simulacra (Swamp:5)
  33 water moccasins
  10 eyes of draining
  A phantom (D:11)
  A sky beast (D:12)
  6 ice beasts
  A black bear (shapeshifter) (Vaults:4)
  9 swamp drakes
  2 slaves (D:3)
  46 ogres
  A necrophage (D:9)
  11 centaurs
  A trapdoor spider simulacrum (D:14)
  43 orc warriors
  2 boring beetles
  5 black bears
  12 crocodiles
  3 human skeletons
  5 wasps
  A boggart (Vaults:1)
  A boring beetle (shapeshifter) (Depths:3)
  6 big kobolds
  Duvessa (Orc:1)
  Blork the orc (Orc:1)
  17 giant frogs
  A wyvern zombie (D:15)
  3 scorpions
  An elf zombie (Vaults:4)
  A troll zombie (D:10)
  4 small abominations (Depths:2)
  A glowing shapeshifter simulacrum (Vaults:3)
  An electric eel (Lair:3)
  The ghost of gasznak the Skirmisher, a weakling DsBe of Trog (D:3)
  34 killer bees
  15 wights
  A goliath beetle (D:7)
  Dowan (Orc:1)
  5 crimson imps
  A quasit (D:5)
  7 centaur zombies
  12 hounds
  41 jellies
  29 orc priests
  A giant frog skeleton (D:4)
  7 iguanas
  Natasha (thrice) (D:4)
  33 orc wizards
  A boulder beetle simulacrum (Vaults:1)
  16 sheep
  7 worker ants
  2 ogre zombies (D:15)
  Ijyb (D:2)
  Jessica (D:2)
  A hound skeleton (D:11)
  A worker ant zombie (D:6)
  3 mummies
  25 adders
  A gnoll (Bailey)
  76 river rats
  2 giant mites
  20 white imps
  6 shadow imps
  4 worms
  4 ufetubi
  A swamp drake simulacrum (Swamp:5)
  5 giant geckos
  5 oozes (D:8)
  220 orcs
  11 bats
  5 giant cockroaches
  16 hobgoblins
  12 jackals
  15 quokkas
  6 giant newts
  2 giant spores
  14 goblins
  A jackal skeleton (D:7)
  A jackal zombie (D:6)
  40 kobolds
  2 orc skeletons (Orc:4)
  16 orc zombies
  13 rats
  8 ballistomycetes
  A briar patch (Swamp:3)
  2 bushes
  74 fungi
  36 plants
2393 creatures vanquished.

Vanquished Creatures (collateral kills)
  A hydra (Lair:8)
  2 wolves (Lair:8)
  A water moccasin (Lair:8)
4 creatures vanquished.

Vanquished Creatures (others)
  A stone giant (Depths:1)
  An alligator (Swamp:3)
  A spiny frog (Lair:8)
  A wolf (Lair:8)
  2 ogres (Depths:1)
  An orc wizard (D:6)
  2 white imps (IceCv)
  4 ufetubi (IceCv)
  3 orcs (Orc:4)
  A bat (D:4)
  2 giant spores
  A briar patch (Swamp:3)
  6 fungi
  2 plants
28 creatures vanquished.

Grand Total: 2425 creatures vanquished

Notes
Turn   | Place    | Note
--------------------------------------------------------------
     0 | D:1      | Fusha, the Troll Arcane Marksman, began the quest for the Orb.
     0 | D:1      | Reached XP level 1. HP: 18/18 MP: 2/2
   156 | D:1      | Reached XP level 2. HP: 26/26 MP: 2/2
   861 | D:2      | Noticed Ijyb
   871 | D:2      | Killed Ijyb
   871 | D:2      | Reached skill level 1 in Fighting
   871 | D:2      | Reached XP level 3. HP: 12/33 MP: 3/3
  1299 | D:2      | Reached XP level 4. HP: 29/41 MP: 3/3
  1700 | D:2      | Noticed Jessica
  1706 | D:2      | Killed Jessica
  1730 | D:2      | Identified a -1 rod of inaccuracy (14/14) (You found it on level 2 of the Dungeon)
  1893 | D:3      | Found an ancient bone altar of Kikubaaqudgha.
  1903 | D:3      | Reached skill level 3 in Hexes
  2019 | D:3      | Reached XP level 5. HP: 37/48 MP: 4/4
  2025 | D:3      | Reached skill level 1 in Unarmed Combat
  2334 | D:3      | Noticed gasznak's ghost (weakling DsBe)
  2345 | D:3      | Killed gasznak's ghost
  2540 | D:3      | Reached XP level 6. HP: 57/57 MP: 5/5
  2581 | D:3      | Learned a level 2 spell: Slow
  2620 | D:3      | Gained mutation: You have large cloven feet. [potion of beneficial mutation]
  2981 | D:4      | Reached skill level 1 in Stealth
  2987 | D:4      | Noticed Pikel
  2993 | D:3      | Found a stormy altar of Qazlal.
  3026 | D:3      | Became a worshipper of Qazlal Stormbringer
  3071 | D:4      | Killed Pikel
  3071 | D:4      | Reached skill level 5 in Dodging
  3071 | D:4      | Reached XP level 7. HP: 64/67 MP: 5/5
  3144 | D:4      | Noticed Natasha
  3151 | D:4      | Killed Natasha
  3191 | D:4      | Noticed Eustachio
  3203 | D:4      | Killed Eustachio
  3203 | D:4      | Reached XP level 8. HP: 72/76 MP: 3/5
  3234 | D:4      | Noticed Natasha
  3242 | D:4      | Killed Natasha
  3246 | D:4      | Noticed Natasha
  3250 | D:4      | Killed Natasha
  3319 | D:4      | Acquired Qazlal's first power
  3399 | D:5      | Entered Level 5 of the Dungeon
  3549 | D:5      | Found an iron altar of Okawaru.
  4095 | D:6      | Found a sparkling altar of Nemelex Xobeh.
  4164 | D:6      | Found a snail-covered altar of Cheibriados.
  4212 | D:6      | Reached skill level 6 in Dodging
  4709 | D:6      | Reached XP level 9. HP: 64/85 MP: 4/7
  4919 | D:6      | Acquired Qazlal's second power
  4957 | D:7      | Noticed Menkaure
  4965 | D:6      | Killed Menkaure
  4965 | D:6      | Reached skill level 7 in Dodging
  5009 | D:7      | Found a staircase to the Ecumenical Temple.
  5105 | D:7      | Noticed Edmund
  5120 | D:7      | Killed Edmund
  5120 | D:7      | Reached skill level 5 in Unarmed Combat
  5747 | D:8      | Acquired Qazlal's third power
  5844 | D:8      | Found a shadowy altar of Dithmenos.
  5847 | D:8      | Found a deep blue altar of Sif Muna.
  5861 | D:8      | Found a burning altar of Makhleb.
  5864 | D:8      | Found a blossoming altar of Fedhas.
  5921 | D:8      | Identified the Incunabulum of Contamination (You found it on level 8 of the Dungeon)
  6216 | D:9      | Reached skill level 8 in Dodging
  6266 | D:9      | Reached skill level 5 in Fighting
  6381 | D:9      | Reached XP level 10. HP: 85/96 MP: 10/10
  6564 | D:9      | Found an iron altar of Okawaru.
  6603 | D:9      | Acquired Qazlal's fourth power
  6782 | D:9      | Found a staircase to the Lair.
  6939 | D:9      | Identified a scroll of acquirement
  6941 | D:9      | Got a brightly glowing cloak
  6952 | D:9      | Identified the +1 cloak of Magic {+Fly rElec rCorr Str+3} (You acquired it on level 9 of the Dungeon)
  7219 | Lair:1   | Entered Level 1 of the Lair of Beasts
  7252 | Lair:1   | Reached skill level 9 in Dodging
  7408 | Lair:1   | Noticed Joseph
  7418 | Lair:1   | Killed Joseph
  7418 | Lair:1   | Reached skill level 1 in Invocations
  7597 | Lair:1   | Noticed Erica
  7612 | Lair:1   | Killed Erica
  7630 | Lair:1   | Reached XP level 11. HP: 92/105 MP: 5/10
  7692 | Lair:1   | Reached skill level 10 in Dodging
  8198 | Lair:2   | Learned a level 3 spell: Confuse
  8201 | Lair:2   | Learned a level 2 spell: Ensorcelled Hibernation
  8347 | Lair:2   | Acquired Qazlal's fifth power
  9478 | Lair:3   | Found a staircase to the Swamp.
  9683 | Lair:3   | Reached skill level 11 in Dodging
  9906 | Lair:3   | Reached XP level 12. HP: 106/115 MP: 12/14
 10556 | Lair:4   | Noticed Harold
 10558 | Lair:4   | Noticed a five-headed hydra
 10601 | Lair:4   | Killed Harold
 10601 | Lair:4   | Reached skill level 5 in Invocations
 10658 | Lair:4   | Killed a seven-headed hydra
 11757 | Lair:5   | Found a frozen archway.
 11790 | IceCv    | Entered an ice cave
 11973 | IceCv    | Reached skill level 12 in Dodging
 12354 | Lair:5   | Noticed a five-headed hydra
 12800 | Lair:5   | Noticed a six-headed hydra
 12809 | Lair:5   | Killed a six-headed hydra
 12841 | Lair:5   | Killed a nine-headed hydra
 13125 | Lair:6   | Noticed a catoblepas
 13216 | Lair:5   | Reached XP level 13. HP: 80/127 MP: 18/18
 13718 | Lair:6   | Reached skill level 10 in Unarmed Combat
 13869 | Lair:6   | Found a staircase to the Snake Pit.
 13931 | Lair:6   | Found a staircase to the Slime Pits.
 13982 | Lair:6   | Found a viscous altar of Jiyva.
 13987 | Lair:6   | Killed a catoblepas
 14547 | Lair:6   | Reached skill level 5 in Hexes
 15056 | Lair:7   | Noticed emiel's ghost (powerful MiWz)
 15124 | Lair:7   | Killed emiel's ghost
 15687 | Lair:7   | Reached skill level 13 in Dodging
 16126 | Lair:8   | Entered Level 8 of the Lair of Beasts
 16257 | Lair:8   | Found a labyrinth entrance.
 16277 | Lab      | Entered a labyrinth
 16420 | Lab      | Found an exit through the horrors of the Abyss.
 16423 | Lab      | Reached XP level 14. HP: 137/137 MP: 20/20
 16671 | Lab      | Got a shimmering fire dragon armour
 16682 | Lab      | Identified the +6 fire dragon armour of the Apprentice {rF++ rC- Str+2} (You found it in a labyrinth)
 16697 | Lab      | Identified the Compendium of Destructive Snow (You found it in a labyrinth)
 17072 | Lair:8   | Reached skill level 1 in Armour
 17401 | Lair:8   | Identified Ynurr's Disquisition on Confrontation (You found it on level 8 of the Lair of Beasts)
 17704 | D:10     | Entered Level 10 of the Dungeon
 18110 | D:10     | Found a staircase to the Orcish Mines.
 18897 | Orc:1    | Entered Level 1 of the Orcish Mines
 19550 | Orc:1    | Noticed Duvessa
 19550 | Orc:1    | Noticed Dowan
 19552 | Orc:1    | Killed Duvessa
 19554 | Orc:1    | Noticed Blork the orc
 19565 | Orc:1    | Killed Blork the orc
 19570 | Orc:1    | Killed Dowan
 20067 | Orc:3    | Found Xuoqast's General Store.
 20137 | Orc:3    | Found a flagged portal.
 20148 | Bailey   | Entered a bailey
 20277 | Bailey   | Found a bloodstained altar of Trog.
 20497 | Orc:3    | Found a radiant altar of Vehumet.
 21155 | Orc:4    | Entered Level 4 of the Orcish Mines
 21253 | Orc:4    | Found a bloodstained altar of Trog.
 21355 | Orc:4    | Noticed Maurice
 21362 | Orc:4    | Killed Maurice
 21403 | Orc:4    | Found a staircase to the Elven Halls.
 21986 | Orc:4    | Found Pniarenu's Food Emporium.
 22002 | Orc:4    | Found Wevosaodgh's Food Boutique.
 22002 | Orc:4    | Found Imeog's Gadget Boutique.
 22199 | Orc:4    | Bought a disc of storms for 280 gold pieces
 22200 | Orc:4    | Found Kuwomn's Food Emporium.
 22691 | D:11     | Reached XP level 15. HP: 147/149 MP: 21/21
 23001 | D:11     | Reached skill level 14 in Dodging
 23357 | D:12     | Noticed Gastronok
 23363 | D:12     | Killed Gastronok
 23456 | D:12     | Noticed Josephine
 23461 | D:12     | Killed Josephine
 23477 | D:12     | Noticed Urug
 23485 | D:12     | Killed Urug
 23494 | D:12     | Reached skill level 10 in Fighting
 23499 | D:12     | Reached skill level 1 in Evocations
 24208 | D:13     | Got a warped pewter ring
 24215 | D:13     | Identified the ring "Phieky" {rPois rF+ rC+} (You found it on level 13 of the Dungeon)
 24656 | D:13     | Found a gate to the Vaults.
 25478 | D:15     | Entered Level 15 of the Dungeon
 25508 | D:15     | Noticed Sonja
 25517 | D:15     | Killed Sonja
 25673 | D:15     | Noticed Frances
 25686 | D:15     | Killed Frances
 26166 | D:15     | Found a staircase to the Depths.
 26691 | Swamp:1  | Entered Level 1 of the Swamp
 27445 | Swamp:2  | Reached XP level 16. HP: 162/162 MP: 21/21
 28203 | Swamp:3  | Reached skill level 15 in Unarmed Combat
 30100 | Swamp:5  | Entered Level 5 of the Swamp
 30103 | Swamp:5  | Reached skill level 15 in Dodging
 30581 | Swamp:5  | Upgraded the game from 0.16.0-11-gd45b091 to 0.16.0-12-g7215832
 30601 | Swamp:5  | Reached skill level 16 in Unarmed Combat
 30792 | Swamp:5  | Got a decaying rune of Zot
 31443 | Snake:1  | Entered Level 1 of the Snake Pit
 31475 | Snake:1  | Noticed Louise
 31485 | Snake:1  | Killed Louise
 31495 | Snake:1  | Found Ghud's Armour Emporium.
 31892 | Snake:1  | Noticed Voda's ghost (powerful FoMo)
 31904 | Snake:1  | Killed Voda's ghost
 32121 | Snake:2  | Reached XP level 17. HP: 167/172 MP: 22/22
 32122 | Snake:2  | Noticed Asterion
 32131 | Snake:2  | Killed Asterion
 33194 | Snake:4  | Noticed Norris
 33204 | Snake:4  | Killed Norris
 33425 | Snake:4  | Reached skill level 17 in Unarmed Combat
 33973 | Snake:5  | Entered Level 5 of the Snake Pit
 34656 | Snake:5  | Reached XP level 18. HP: 185/185 MP: 23/23
 35013 | Snake:5  | Got a serpentine rune of Zot
 35253 | Snake:5  | Reached skill level 18 in Unarmed Combat
 36243 | Vaults:1 | Entered Level 1 of the Vaults
 37196 | Vaults:1 | Noticed Wiglaf
 37209 | Vaults:1 | Killed Wiglaf
 37775 | Vaults:1 | Reached XP level 19. HP: 192/197 MP: 25/25
 38115 | Vaults:2 | Reached skill level 19 in Unarmed Combat
 38687 | Vaults:2 | Noticed Aizul
 38693 | Vaults:2 | Killed Aizul
 38944 | Vaults:2 | Found Loustuaji's Jewellery Shop.
 38947 | Vaults:2 | Bought the ring "Tuqig" {+Inv rF+ Str+4 Int+4 Slay+2 Stlth+} for 804 gold pieces
 39637 | Vaults:3 | Found a staircase to the Crypt.
 39688 | Vaults:3 | Found Plog's General Store.
 40424 | Vaults:4 | Reached skill level 20 in Unarmed Combat
 40490 | Vaults:4 | Reached skill level 15 in Fighting
 40752 | Vaults:4 | Reached XP level 20. HP: 202/210 MP: 25/25
 42155 | Slime:1  | Entered Level 1 of the Pits of Slime
 43181 | Slime:3  | Found a viscous altar of Jiyva.
 44075 | Slime:4  | Reached skill level 21 in Unarmed Combat
 44406 | Slime:4  | Paralysed by a great orb of eyes for 7 turns
 45744 | Slime:6  | Entered Level 6 of the Pits of Slime
 45756 | Slime:6  | Paralysed by a great orb of eyes for 5 turns
 45767 | Slime:6  | Paralysed by a great orb of eyes for 4 turns
 45769 | Slime:6  | Noticed the royal jelly
 45801 | Slime:6  | Reached XP level 21. HP: 83/221 MP: 24/26
 46344 | Slime:6  | Killed the royal jelly
 46804 | Slime:6  | Got a faintly humming storm dragon armour
 46822 | Slime:6  | Identified the cursed -5 storm dragon armour of the Albatross {rElec rC- rN+ MR+ MP+9 Dex-5} (You found it on level 6 of the Pits of Slime)
 46897 | Slime:6  | Got a heavily runed emerald amulet
 46899 | Slime:6  | Identified the amulet of Demons {rMut rN+ MR- MP+9} (You found it on level 6 of the Pits of Slime)
 46920 | Slime:6  | Got a slimy rune of Zot
 47567 | Depths:1 | Entered Level 1 of the Depths
 47809 | Depths:1 | Found a gateway to Hell.
 47860 | Depths:1 | Reached skill level 22 in Unarmed Combat
 48238 | Depths:1 | Found a one-way gate to the infinite horrors of the Abyss.
 49358 | Depths:2 | Reached XP level 22. HP: 232/232 MP: 27/27
 50029 | Depths:3 | Found a one-way gate leading to the halls of Pandemonium.
 50300 | Depths:3 | Noticed a caustic shrike
 50317 | Depths:3 | Killed a caustic shrike
 50383 | Depths:2 | HP: 1/234 [frost giant/battleaxe of freezing (24)]
 50383 | Depths:2 | Mangled by a frost giant

Action                   |  1- 3 |  4- 6 |  7- 9 | 10-12 | 13-15 | 16-18 | 19-21 | 22-24 || total
-------------------------+-------+-------+-------+-------+-------+-------+-------+-------++-------
Melee: Unarmed           |   103 |   170 |   320 |   609 |  1417 |  1158 |  1099 |    78 ||  4954
Throw: Large rock        |       |       |     2 |     2 |     3 |       |    37 |       ||    44
 Cast: Slow              |       |       |    10 |    14 |     5 |       |       |       ||    29
       Corona            |       |       |     1 |       |       |       |       |       ||     1
       Confuse           |       |       |       |     9 |    17 |       |       |       ||    26
       Ensorcelled Hiber |       |       |       |     5 |    16 |       |       |       ||    21
Invok: Elemental Force   |       |       |       |     1 |     1 |       |       |       ||     2
       Upheaval          |       |       |       |     1 |       |     8 |     5 |       ||    14
       Disaster Area     |       |       |       |       |       |     3 |     1 |       ||     4
 Abil: Evoke Flight      |       |       |       |       |     2 |     1 |       |       ||     3
Evoke: Wand              |       |       |       |    13 |     2 |     3 |     3 |     5 ||    26
       Disc of storms    |       |       |       |       |       |       |     1 |       ||     1
  Use: Scroll            |       |    13 |     6 |    17 |    16 |     8 |     4 |       ||    64
       Potion            |       |     1 |     1 |     3 |       |     1 |     9 |     1 ||    16
 Stab: Sleeping          |       |       |       |     2 |     3 |       |       |       ||     5
  Eat: Chunk             |     2 |    17 |    28 |    60 |    97 |    74 |    52 |     9 ||   339
       Meat ration       |     2 |       |       |       |       |       |     1 |       ||     3
       Bread ration      |       |     1 |       |       |       |       |    10 |       ||    11
       Pizza             |       |       |       |     1 |     2 |     1 |       |     1 ||     5
       Beef jerky        |       |       |       |     2 |     5 |     2 |       |       ||     9
       Fruit             |       |       |       |       |    31 |     2 |     1 |     1 ||    35
       Royal jelly       |       |       |       |       |       |    11 |     1 |       ||    12
